 Dungeon Crawl Stone Soup version 0.21.1-1-g345015fe64 (webtiles) character file.

33061 KleinerIrrer the Severer (level 14, -22/108 HPs)
             Began as a Formicid Fighter on Mar 17, 2018.
             Was an Elder of the Shining One.
             Killed from afar by a storm dragon (31 damage)
             ... with a bolt of lightning
             ... on level 2 of the Lair of Beasts.
             The game lasted 00:44:38 (16414 turns).

KleinerIrrer the Severer (Formicid Fighter)        Turns: 16414, Time: 00:44:38

Health: -22/108    AC: 24    Str: 31    XL:     14   Next: 6%
Magic:  14/14      EV:  8    Int:  9    God:    the Shining One [****..]
Gold:   1048       SH: 12    Dex: 10    Spells: 13/13 levels left

rFire    . . .     SeeInvis +   Q - +9 war axe "KleinerIrrer's Doom" {chop, *Noise Int+4}
rCold    . . .     Gourm    .   R - +0 shield {AC+3}
rNeg     + + .     Faith    .   l - +0 plate armour
rPois    +         Spirit   .   (helmet unavailable)
rElec    .         Reflect  .   D - +0 cloak
rCorr    .         Harm     .   (no gloves)
MR       +....                  (no boots)
Stlth    ..........             (no amulet)
HPRegen  0.28/turn              g - +4 ring of protection
MPRegen  0.14/turn              x - ring "Enocruk" {*Contam rPois Str+7 Int-5 Stlth+}

@: glowing
A: permanent stasis, dig shafts and tunnels, four strong arms, antennae 3
a: Dig, Shaft Self, Divine Shield, Cleansing Flame, Renounce Religion


You were on level 2 of the Lair of Beasts.
You worshipped the Shining One.
The Shining One was greatly pleased with you.
You were not hungry.

You visited 5 branches of the dungeon, and saw 17 of its levels.
You also visited: Sewer and Ice Cave.

You collected 1516 gold pieces.
You spent 468 gold pieces at shops.

Inventory:

Hand Weapons
 Q - the +9 war axe "KleinerIrrer's Doom" (weapon) {chop, *Noise Int+4}
   (You found it on level 9 of the Dungeon)

   It inflicts extra damage upon your enemies.
   It affects your intelligence (+4).
   It may make noises in combat.
 U - a +0 arbalest
Missiles
 h - 34 bolts
 B - 154 arrows
Armour
 c - the +3 ice dragon scales "Buveel" {rElec rF- rC++}
   (You found it in an ice cave)

   It makes you vulnerable to fire.
   It greatly protects you from cold.
   It insulates you from electricity.
 l - a +0 plate armour (worn)
 D - a +0 cloak (worn)
 N - a +2 shield
 R - a +0 shield of protection (worn)
 T - a +2 chain mail of positive energy
Jewellery
 g - a +4 ring of protection (left hand)
 x - the ring "Enocruk" (right hand) {*Contam rPois Str+7 Int-5 Stlth+}
   (You found it on level 4 of the Dungeon)

   [ring of stealth]

   It affects your strength (+7).
   It affects your intelligence (-5).
   It protects you from poison.
   It causes magical contamination when unequipped.
   It makes you more stealthy.
 y - a cursed ring of protection from magic
 F - a +2 ring of evasion
Wands
 m - a wand of polymorph (30)
 H - a wand of flame (56)
 P - a wand of iceblast (3)
Scrolls
 i - 6 scrolls of remove curse
 j - 7 scrolls of identify
 k - 3 scrolls of enchant weapon
 o - 7 scrolls of teleportation
 p - 3 scrolls of fog {unknown}
 q - 2 scrolls of amnesia {unknown}
 s - 3 scrolls of magic mapping {unknown}
 u - 6 scrolls of fear {unknown}
 w - a scroll of noise {unknown}
 C - 2 scrolls of acquirement {unknown}
 L - 2 scrolls of vulnerability {unknown}
 O - 3 scrolls of enchant armour {unknown}
Potions
 d - 3 potions of might
 e - 5 potions of heal wounds
 n - 6 potions of curing
 r - 4 potions of magic
 t - 3 potions of haste
 v - 2 potions of mutation
 z - 2 potions of flight
 E - 3 potions of agility {unknown}
 G - 3 potions of lignification {unknown}
 M - 2 potions of brilliance
Books
 b - a book of Cantrips

   Spells                             Type                      Level
   a - Confusing Touch                Hexes                        1
   b - Animate Skeleton               Necromancy                   1
   c - Summon Small Mammal            Summoning                    1
   d - Apportation                    Translocation                1
 A - a book of Callings

   Spells                             Type                      Level
   a - Summon Small Mammal            Summoning                    1
   b - Call Imp                       Summoning                    2
   c - Call Canine Familiar           Summoning                    3
   d - Summon Guardian Golem          Hexes/Summoning              3
   e - Summon Lightning Spire         Summoning/Air                4
   f - Summon Ice Beast               Ice/Summoning                4
Miscellaneous
 S - a box of beasts
Comestibles
 f - 22 rations


   Skills:
 + Level 9.2 Fighting
 * Level 16.5 Axes
 * Level 1.6 Crossbows
 + Level 12.1 Armour
 + Level 9.5 Shields


You had 13 spell levels left.
You didn't know any spells.

Dungeon Overview and Level Annotations

Branches:
Dungeon (10/15)            Temple (1/1) D:6            Lair (3/6) D:10
  Swamp (0/4) Lair:2       Spider (0/4) Lair:2          Orc (2/2) D:10
    Elf (1/3) Orc:2

Altars:
Ashenzari
Cheibriados
Dithmenos
Elyvilon
Fedhas
Gozag
Hepliaklqana
Kikubaaqudgha
Makhleb
Nemelex Xobeh
Okawaru
Qazlal
Ru
Sif Muna
Trog
Uskayaw
Vehumet
Wu Jian
Xom
Yredelemnul
Zin
The Shining One
Beogh

Shops:
D:8 *   Orc:2 ![:}


Innate Abilities, Weirdness & Mutations

You cannot be hasted, slowed, berserked, paralysed or teleported.
You can dig through walls and to a lower floor.
Your four strong arms can wield two-handed weapons with a shield.
You have a pair of large antennae on your head. (SInv)


Message History

You barely miss the storm dragon.
The storm dragon is severely wounded.
The storm dragon bites you.
* * * LOW HITPOINT WARNING * * *
The storm dragon claws you but does no damage.
The storm dragon tramples you but does no damage.
Evoke which item? (* to show all) (? for menu, Esc to quit)
Aiming: Polymorph
Press: ? - help, Shift-Dir - straight line, f/p - storm dragon
Aim: a storm dragon (heavily wounded, haloed, chance to defeat MR: 1%)
The storm dragon resists with almost no effort.
The storm dragon bites you!
* * * LOW HITPOINT WARNING * * *
You block the storm dragon's attack. x2
You feel much better.
The storm dragon breathes lightning at you.
The bolt of lightning hits you!
* * * LOW HITPOINT WARNING * * *
The bolt of lightning hits you!
You die...

#...####P#.#####.#..######...PP #
#..............................
###..............................
.................................
......P##.##.###....#P.#.##.#.##.
...#..#########....#############.
.#.##### #.#....# ######## #.
####.#.# ###†..## #...##.###.
......^# #@D.# #.<.....#..
#..≈≈≈+# #...# #........##
^...≈..## ### #...## #####......
#..#≈.>.###.####...P###P.#.......
...≈≈^..#...................###..
^..≈≈≈'##......................#.
^#...÷..#........................
###.##.####.####.....######.P.#..
...##### ##.# #....## ####...


You could see a storm dragon.

Vanquished Creatures
  Erica (Orc:1)
  4 two-headed ogres
  6 ogre magi (Orc:2)
  The ghost of hofbold the Skirmisher, a novice DsFi of Qazlal (D:9)
  Nergalle (Orc:2)
  A swamp dragon (Lair:2)
  An orc knight (Orc:1)
  An orb spider (Lair:2)
  4 orc sorcerers (Orc:2)
  Pikel (D:4)
  2 ugly things (IceCv)
  3 ice statues (IceCv)
  A black mamba (Lair:1)
  3 spiny frogs (Lair:1)
  2 rime drakes (Lair:2)
  3 komodo dragons
  5 trolls
  A hornet (D:8)
  6 blink frogs
  Prince Ribbit (Lair:3)
  2 hippogriffs
  A wraith (D:10)
  A human (D:10)
  15 yaks
  4 hogs (D:10)
  4 hungry ghosts
  3 wargs
  3 porcupines
  2 water moccasins
  10 ice beasts
  A slave (D:4)
  A sky beast (D:5)
  17 orc warriors
  A phantom (D:4)
  2 black bears
  10 ogres
  A necrophage (D:10)
  9 wolves
  4 centaurs
  5 crocodiles
  A big kobold (D:10)
  11 bullfrogs
  A wyvern skeleton (D:9)
  5 wights (D:7)
  6 electric eels
  6 howler monkeys
  2 centaur zombies
  4 crimson imps
  A bullfrog zombie (D:9)
  A jelly (D:6)
  7 hounds
  15 orc priests
  A centaur skeleton (D:7)
  30 orc wizards
  Crazy Yiuf (D:5)
  A bullfrog skeleton (D:7)
  Natasha (twice) (D:2 D:4)
  7 iguanas
  11 worker ants
  A worker ant zombie (D:6)
  Robin (D:2)
  A howler monkey skeleton (D:4)
  3 river rats
  15 adders
  A shadow imp (D:7)
  2 oozes
  An adder zombie (D:8)
  5 worms
  2 dart slugs
  3 leopard geckos
  84 orcs
  9 ball pythons
  5 bats
  6 giant cockroaches
  10 goblins
  5 hobgoblins
  16 jackals
  A quokka (D:8)
  7 frilled lizards
  3 kobolds
  2 leopard gecko skeletons
  2 leopard gecko zombies
  32 rats
474 creatures vanquished.

Vanquished Creatures (others)
  Natasha (D:4)
  An orc wizard (D:5)
  An orc (Orc:2)
  2 fungi (Lair:2)
5 creatures vanquished.

Grand Total: 479 creatures vanquished

Notes
Turn   | Place    | Note
-------+----------+-------------------------------------------
     0 | D:1      | KleinerIrrer the Formicid Fighter began the quest for the Orb.
     0 | D:1      | Reached XP level 1. HP: 18/18 MP: 1/1
   164 | D:1      | Reached XP level 2. HP: 24/24 MP: 2/2
   608 | D:2      | Noticed Natasha
   610 | D:2      | Reached XP level 3. HP: 29/29 MP: 3/3
   635 | D:2      | Killed Natasha
   981 | D:2      | Reached XP level 4. HP: 33/35 MP: 4/4
  1108 | D:2      | Noticed Robin
  1118 | D:2      | Killed Robin
  1122 | D:2      | Reached skill level 5 in Armour
  1602 | D:3      | Reached XP level 5. HP: 36/41 MP: 5/5
  1950 | D:3      | Found a glowing drain.
  1980 | Sewer    | Entered a sewer
  2319 | Sewer    | Reached XP level 6. HP: 39/47 MP: 6/6
  2577 | Sewer    | Reached XP level 7. HP: 23/52 MP: 7/7
  3341 | D:4      | Got a bound bone ring
  4065 | D:4      | Reached skill level 3 in Axes
  4065 | D:4      | Reached XP level 8. HP: 37/59 MP: 8/8
  4181 | D:4      | Noticed Pikel
  4210 | D:4      | Killed Pikel
  4210 | D:4      | Reached skill level 5 in Axes
  4262 | D:4      | Identified the ring "Enocruk" {*Contam rPois Str+7 Int-5 Stlth+} (You found it on level 4 of the Dungeon)
  4456 | D:4      | Noticed Natasha
  4467 | D:4      | Killed Natasha
  4517 | D:4      | Killed Natasha
  4744 | D:5      | Entered Level 5 of the Dungeon
  4775 | D:5      | Reached skill level 6 in Axes
  4805 | D:5      | Reached XP level 9. HP: 43/65 MP: 9/9
  5062 | D:5      | Reached skill level 7 in Axes
  5462 | D:5      | Reached skill level 5 in Shields
  5738 | D:5      | Found a runed door.
  5742 | D:5      | Noticed Crazy Yiuf
  5744 | D:5      | Killed Crazy Yiuf
  6039 | D:6      | Reached skill level 8 in Axes
  6138 | D:6      | Noticed a two-headed ogre
  6217 | D:6      | You fall through a shaft for 2 floors!
  6337 | D:8      | Noticed a two-headed ogre
  6689 | D:7      | Reached skill level 9 in Axes
  6723 | D:7      | Reached XP level 10. HP: 59/73 MP: 10/10
  6825 | D:7      | Noticed a two-headed ogre
  6842 | D:7      | Killed a two-headed ogre
  6842 | D:7      | Reached skill level 5 in Fighting
  6842 | D:7      | Reached skill level 10 in Axes
  7244 | D:7      | Found a deep blue altar of Sif Muna.
  7366 | D:6      | Killed a two-headed ogre
  7366 | D:6      | Reached skill level 10 in Armour
  7522 | D:6      | Found a staircase to the Ecumenical Temple.
  7671 | Temple   | Entered the Ecumenical Temple
  7824 | Temple   | Became a worshipper of the Shining One
  8391 | D:8      | Found Noeduan's Assorted Antiques.
  8455 | D:8      | Reached skill level 11 in Axes
  8523 | D:8      | Reached XP level 11. HP: 66/81 MP: 11/11
  8526 | D:8      | Killed a two-headed ogre
  8979 | D:9      | Reached * piety under the Shining One
  9131 | D:9      | Reached skill level 12 in Axes
  9149 | D:9      | Got a translucent war axe
  9181 | D:8      | Identified the +9 war axe "KleinerIrrer's Doom" {chop, *Noise Int+4} (You found it on level 9 of the Dungeon)
  9203 | D:9      | Found an iron altar of Okawaru.
  9454 | D:9      | Noticed hofbold's ghost (novice DsFi)
  9463 | D:9      | Killed hofbold's ghost
  9565 | D:10     | Entered Level 10 of the Dungeon
 10127 | D:10     | Found a staircase to the Lair.
 10156 | D:10     | Reached ** piety under the Shining One
 10172 | D:10     | Reached XP level 12. HP: 75/89 MP: 12/12
 10174 | D:10     | Reached skill level 13 in Axes
 10247 | D:10     | Found a staircase to the Orcish Mines.
 10650 | Orc:1    | Entered Level 1 of the Orcish Mines
 10760 | Orc:2    | Entered Level 2 of the Orcish Mines
 10760 | Orc:2    | Found a staircase to the Elven Halls.
 11196 | Orc:1    | Reached skill level 14 in Axes
 11220 | Orc:1    | Found a frozen archway.
 11222 | Orc:1    | Noticed Erica
 11230 | Orc:1    | Killed Erica
 11246 | IceCv    | Entered an ice cave
 11970 | IceCv    | Got smoking ice dragon scales
 11988 | IceCv    | Identified the +3 ice dragon scales "Buveel" {rElec rF- rC++} (You found it in an ice cave)
 12173 | Orc:1    | Found a roughly hewn altar of Beogh.
 12244 | Orc:2    | Reached *** piety under the Shining One
 12678 | Orc:2    | Reached XP level 13. HP: 98/98 MP: 13/13
 12812 | Orc:2    | Reached skill level 15 in Axes
 13083 | Orc:2    | Noticed an ogre mage
 13104 | Orc:2    | Killed an ogre mage
 13207 | Orc:2    | Found Buicir's Gadget Shop.
 13243 | Orc:2    | Found a radiant altar of Vehumet.
 13565 | Orc:2    | Found Ysmellet's Book Shop.
 13589 | Orc:2    | Noticed an ogre mage
 13605 | Orc:2    | Killed an ogre mage
 13938 | Orc:2    | Noticed Nergalle
 13958 | Orc:2    | Killed Nergalle
 13958 | Orc:2    | Reached skill level 16 in Axes
 13971 | Orc:2    | Found an ancient bone altar of Kikubaaqudgha.
 14024 | Orc:2    | Found a roughly hewn altar of Beogh.
 14024 | Orc:2    | Found Qeatapt's Distillery.
 14069 | Orc:2    | Found Jodd's Antique Armour Shop.
 14094 | Orc:2    | Bought a potion of brilliance for 72 gold pieces
 14094 | Orc:2    | Bought a potion of flight for 54 gold pieces
 14094 | Orc:2    | Bought 2 potions of curing for 108 gold pieces
 14094 | Orc:2    | Bought a potion of might for 72 gold pieces
 14094 | Orc:2    | Bought a potion of heal wounds for 90 gold pieces
 14094 | Orc:2    | Bought a potion of might for 72 gold pieces
 14579 | Elf:1    | Entered Level 1 of the Elven Halls
 14629 | Lair:1   | Entered Level 1 of the Lair of Beasts
 14883 | Lair:1   | Reached **** piety under the Shining One
 15480 | Lair:2   | Found a staircase to the Swamp.
 15677 | Lair:2   | Reached skill level 1 in Crossbows
 15849 | Lair:2   | Found a hole to the Spider Nest.
 16001 | Lair:2   | Reached XP level 14. HP: 94/108 MP: 14/14
 16387 | Lair:3   | Noticed Prince Ribbit
 16392 | Lair:3   | Killed Prince Ribbit
 16407 | Lair:2   | Noticed a storm dragon
 16407 | Lair:2   | a seven-headed hydra changed into a storm dragon
 16414 | Lair:2   | Killed from afar by a storm dragon

Skill      XL: |  1  2  3  4  5  6  7  8  9 10 11 12 13 |
---------------+----------------------------------------+-----
Shields        | 4 5 6 7 8 9 |  9.5
Armour         | 4 5 6 7 8 9 10 11 12 | 12.1
Axes           | 3 6 9 11 12 14 16 | 16.5
Fighting       | 4 5 6 7 9 |  9.2
Crossbows      | 1 |  1.6

Action                   |  1- 3 |  4- 6 |  7- 9 | 10-12 | 13-15 || total
-------------------------+-------+-------+-------+-------+-------++-------
Melee: War axe           |    83 |   261 |   365 |   290 |   220 ||  1219
       Hand axe          |       |       |    37 |   213 |       ||   250
 Abil: Shaft Self        |       |       |     1 |       |       ||     1
Evoke: Wand              |       |       |       |       |     7 ||     7
  Use: Potion            |       |     3 |     2 |       |     1 ||     6
       Scroll            |       |       |     9 |     1 |       ||    10
  Eat: Chunk             |       |     6 |    15 |    16 |     7 ||    44
       Ration            |       |       |       |     4 |     2 ||     6
Armor: Scale mail        |    18 |       |       |       |       ||    18
       Plate armour      |    25 |       |   135 |   209 |    86 ||   455
       Chain mail        |     4 |   255 |    59 |       |       ||   318
Dodge: Dodged            |    32 |   105 |    69 |    84 |    35 ||   325
Block: Shield            |    37 |   216 |   196 |   243 |    98 ||   790
